 Dungeon Crawl Stone Soup version 0.16.2-12-gd0ad4c3 (webtiles) character file.

20377 Kloppie the Fighter (level 12, -10/116 HPs)
             Began as a Minotaur Berserker on Oct 30, 2015.
             Was a High Priest of Trog.
             Mangled by a minotaur
             ... wielding a +2 quarterstaff of draining
              (20 damage)
             ... in a labyrinth.
             The game lasted 00:36:06 (11937 turns).

Kloppie the Fighter (Minotaur Berserker)           Turns: 11937, Time: 00:36:06

Health: -10/116    AC: 23    Str: 23    XL:     12   Next: 44%
Magic:  20/20      EV: 12    Int:  7    God:    Trog [*****.]
Gold:   511        SH:  0    Dex: 14    Spells: 0 memorised, 11 levels left

rFire  . . .     SeeInvis +     Q - +8 spear of Dishonesty {venom, Noisy rPois rN+ Int+3}
rCold  . . .     Clarity  .     n - +0 plate armour
rNeg   + + .     SustAb   .     (no shield)
rPois  +         Gourm    .     (helmet restricted)
rElec  .         Spirit   .     (no cloak)
rCorr  .         Warding  +     d - +1 pair of gloves
rMut   .         Stasis   .     (no boots)
MR     .....                    Z - amulet of warding
Stlth  ..........               l - ring of see invisible (curse)
                                y - +6 ring of protection

@: drained, not resistant to hostile enchantments, extremely unstealthy
A: retaliatory headbutt, horns 2
a: Burn Spellbooks, Berserk, Trog's Hand, Brothers in Arms, Renounce Religion


You were in a labyrinth.
You worshipped Trog.
Trog was extremely pleased with you.
You were near starving.

You visited 2 branches of the dungeon, and saw 14 of its levels.
You also visited: Labyrinth and Ossuary.

You collected 817 gold pieces.
You spent 306 gold pieces at shops.

Inventory:

Hand weapons
 a - a +1 spear
 p - the -1 bardiche "Klutes" {freeze, rC+ Str+4}
   (Trog gifted it to you on level 1 of the Lair of Beasts)

   It has been specially enchanted to freeze those struck by it, causing extra
   injury to most foes and up to half again as much damage against particularly
   susceptible opponents.
   It can also slow down cold-blooded creatures.
   It affects your strength (+4).
   It protects you from cold.
 Q - the +8 spear of Dishonesty (weapon) {venom, Noisy rPois rN+ Int+3}
   (You bought it in a shop on level 6 of the Dungeon)

   It poisons the flesh of those it strikes.
   It affects your intelligence (+3).
   It protects you from poison.
   It protects you from negative energy.
   It may make noises in combat.
Armour
 d - a +1 pair of gloves (worn)
 n - a +0 plate armour (worn)
Jewellery
 l - a cursed ring of see invisible (right hand)
 y - a +6 ring of protection (left hand)
 B - a +3 ring of protection
 F - an uncursed ring of protection from cold
 G - an uncursed ring of sustain abilities
 L - an uncursed amulet of guardian spirit {unknown}
 S - an uncursed ring of flight
 Y - an uncursed amulet of resist mutation
 Z - an amulet of warding (around neck)
Magical devices
 e - a wand of slowing (20)
 s - a wand of polymorph (9)
 u - a wand of paralysis (8)
 v - a wand of flame (25)
 z - a wand of flame (38)
 C - a wand of cold (11)
 D - a wand of polymorph (13)
 R - a wand of fire (0)
 W - a wand of digging (10)
Scrolls
 b - a scroll of blinking
 h - 3 scrolls of fog
 i - 2 scrolls of enchant armour
 k - 4 scrolls of remove curse
 I - 3 scrolls of fear
 J - 5 scrolls of teleportation
Potions
 f - 2 potions of brilliance
 g - 2 potions of cancellation
 j - a potion of ambrosia
 q - 3 potions of curing {unknown}
 r - a potion of poison {unknown}
 t - a potion of cure mutation
 A - a potion of magic
 E - 5 potions of restore abilities {unknown}
 H - 4 potions of heal wounds {unknown}
 K - 2 potions of degeneration {unknown}
 M - 3 potions of haste {unknown}
 N - a potion of flight {unknown}
 X - a potion of decay {unknown}
Books
 m - a book of Death

   Spells                             Type                      Level
   a - Corpse Rot                     Necromancy                   2
   b - Sublimation of Blood           Necromancy                   2
   c - Agony                          Necromancy                   5
   d - Dispel Undead                  Necromancy                   5
   e - Excruciating Wounds            Charms/Necromancy            5
   f - Bolt of Draining               Conjuration/Necromancy       5
   Trog disapproves of the use of such an item.
Comestibles
 c - 8 bread rations
 o - a royal jelly
 w - 18 fruits
 x - 2 meat rations


   Skills:
 + Level 13.9(13.6) Fighting
 - Level 10.3(10.0) Polearms
 - Level 10.9(10.6) Armour
 - Level 10.0(9.7) Dodging
 + Level 8.8(8.5) Evocations


You had 11 spell levels left.
You didn't know any spells.

Dungeon Overview and Level Annotations

Branches:
Dungeon (9/15)             Temple (0/1) D:6            Lair (5/8) D:9
 Spider (0/5) Lair:3          Orc (0/4) D:9
  Swamp: Lair:3-6    Shoals: Lair:3-6

Altars:
Ashenzari
Cheibriados
Elyvilon
Fedhas
Kikubaaqudgha
Makhleb
Qazlal
Ru

Shops:
D:5 *   D:6 (   D:7 ?


Innate Abilities, Weirdness & Mutations

You reflexively headbutt those who attack you in melee.
You have a pair of horns on your head.


Message History

The minotaur is moderately wounded.
The minotaur hits you with a quarterstaff of draining!
* * * LOW HITPOINT WARNING * * *
You partially resist.
You feel drained.
The minotaur gores you but does no damage.
You puncture the minotaur! You headbutt the minotaur!
The minotaur is severely wounded.
You hit the minotaur.
The minotaur is severely wounded.
You are near starving!
You hit the minotaur.
The minotaur is severely wounded.
The minotaur hits you but does no damage.
You partially resist.
You feel drained. The minotaur barely misses you.
You hit the minotaur but do no damage. You headbutt the minotaur.
The minotaur is severely wounded.
You completely miss the minotaur.
The minotaur is severely wounded.
The minotaur hits you with a quarterstaff of draining!!
You die...

▓ ▓▓ ▓▓▓ ▓▓▓▓▓ #
.....# ..... . #
#.#.# ... # . #.#
# # ### #.#.###.#
# ..))#.#.@H..#
### #.#.#.##### #
...#.≈≈..≈.......
##.## .#≈).#≈≈.#.
.# .
...≈..≈..≈..# #
###≈.≈.≈≈≈ .#
#...≈≈.≈≈≈ ≈#
#.#... ≈≈≈≈.# ..
# .≈≈.≈.. #


You could see a minotaur.

Vanquished Creatures
  Rupert (Lair:4)
  A hydra (Lair:1)
  A death yak (Lair:4)
  Pikel (D:6)
  A wolf spider (Lair:3)
  3 black mambas
  A griffon (Lair:3)
  4 spiny frogs
  A torpor snail (Lair:4)
  4 gargoyles (Lab)
  5 komodo dragons
  9 blink frogs
  Prince Ribbit (D:7)
  2 basilisks
  A redback (Lair:3)
  A wyvern (D:9)
  7 hippogriffs
  Eustachio (D:6)
  10 yaks
  The ghost of serq the Poker, an average HuWn (D:3)
  Menkaure (D:6)
  3 water moccasins
  A spider (Lair:3)
  An orc warrior (D:8)
  A porcupine (Lair:4)
  3 ice beasts (D:8)
  A black bear (D:9)
  A slave (D:6)
  A wasp (D:9)
  2 centaurs (D:5)
  A sky beast (D:6)
  2 ogres
  A phantom (D:6)
  7 crocodiles
  Sigmund (D:2)
  12 giant frogs
  A gnoll sergeant (D:6)
  12 scorpions (Ossuary)
  A giant frog zombie (D:7)
  3 crimson imps (D:7)
  2 centaur zombies (Ossuary)
  9 hounds
  3 human zombies (Ossuary)
  A jelly (D:9)
  An orc priest (D:8)
  6 iguanas
  2 worker ants
  2 orc wizards
  2 killer bee zombies
  4 big kobold zombies (Ossuary)
  Ijyb (D:6)
  2 hound skeletons
  A hound zombie (D:5)
  3 mummies (Ossuary)
  7 gnolls
  60 river rats
  17 adders
  4 scorpion zombies (Ossuary)
  2 shadow imps
  A giant mite (D:5)
  3 worms
  4 giant geckos
  19 orcs
  3 ball pythons
  7 bats
  A bat skeleton (D:7)
  5 giant cockroaches
  A gnoll zombie (Ossuary)
  10 hobgoblins
  14 jackals
  A giant gecko skeleton (D:3)
  3 giant newts
  A giant spore (D:8)
  8 goblins
  2 hobgoblin zombies (Ossuary)
  24 kobolds
  A kobold zombie (Ossuary)
  3 orc zombies (Ossuary)
  16 quokkas
  10 rats
378 creatures vanquished.

Vanquished Creatures (collateral kills)
  3 blink frogs
  A basilisk (Lair:1)
  A water moccasin (Lair:5)
  A quokka (Lair:5)
6 creatures vanquished.

Vanquished Creatures (others)
  A hobgoblin (D:6)
  A plant (Lair:4)
2 creatures vanquished.

Grand Total: 386 creatures vanquished

Notes
Turn   | Place    | Note
--------------------------------------------------------------
     0 | D:1      | Kloppie, the Minotaur Berserker, began the quest for the Orb.
     0 | D:1      | Reached XP level 1. HP: 19/19 MP: 1/1
   344 | D:1      | Reached skill level 4 in Polearms
   353 | D:1      | Reached XP level 2. HP: 27/27 MP: 1/1
   905 | D:2      | Noticed Sigmund
   916 | D:2      | Killed Sigmund
   916 | D:2      | Reached skill level 5 in Fighting
   916 | D:2      | Reached skill level 5 in Polearms
   916 | D:2      | Reached XP level 3. HP: 36/36 MP: 2/2
   916 | D:2      | Reached XP level 4. HP: 42/42 MP: 2/2
  1218 | D:2      | Acquired Trog's second power
  1223 | D:2      | Found a stormy altar of Qazlal.
  1455 | D:3      | Noticed serq's ghost (average HuWn)
  1468 | D:3      | Killed serq's ghost
  1468 | D:3      | Reached skill level 6 in Fighting
  1468 | D:3      | Reached XP level 5. HP: 50/50 MP: 2/2
  1745 | D:3      | Reached XP level 6. HP: 57/57 MP: 3/3
  1782 | D:3      | Found a snail-covered altar of Cheibriados.
  2328 | D:4      | Reached skill level 7 in Polearms
  2813 | D:4      | Identified a +0 rod of shadows (10/10) (You found it on level 3 of the Dungeon)
  2843 | D:5      | Entered Level 5 of the Dungeon
  2925 | D:5      | Found Geulonn's General Store.
  3140 | D:5      | Reached XP level 7. HP: 52/66 MP: 3/3
  3146 | D:5      | Acquired Trog's third power
  3309 | D:5      | Found a sacrificial altar of Ru.
  3469 | D:5      | Reached skill level 8 in Polearms
  3694 | D:6      | Noticed Menkaure
  3861 | D:6      | Killed Menkaure
  3861 | D:6      | Reached XP level 8. HP: 73/75 MP: 3/3
  3866 | D:6      | Found a staircase to the Ecumenical Temple.
  3898 | D:6      | Noticed Ijyb
  3919 | D:6      | Killed Ijyb
  3979 | D:6      | Reached skill level 9 in Polearms
  4048 | D:6      | Noticed Pikel
  4066 | D:6      | Killed Pikel
  4066 | D:6      | Reached skill level 10 in Polearms
  4077 | D:6      | Found a sand-covered staircase.
  4087 | Ossuary  | Entered an ossuary
  4145 | Ossuary  | Reached skill level 10 in Fighting
  4258 | Ossuary  | Reached XP level 9. HP: 76/85 MP: 4/4
  4561 | Ossuary  | Reached skill level 5 in Armour
  4785 | D:6      | Reached skill level 5 in Dodging
  4817 | D:6      | Found Caoxakhlos' Antique Weapon Shop.
  4817 | D:6      | Noticed Eustachio
  4841 | D:6      | Killed Eustachio
  4853 | D:6      | Bought a steaming spear for 176 gold pieces
  4853 | D:6      | Identified the +8 spear of Dishonesty {venom, Noisy rPois rN+ Int+3} (You bought it in a shop on level 6 of the Dungeon)
  4862 | D:6      | Found a blossoming altar of Fedhas.
  4863 | D:6      | Found an ancient bone altar of Kikubaaqudgha.
  5048 | D:7      | Noticed Prince Ribbit
  5056 | D:7      | Killed Prince Ribbit
  5073 | D:7      | Found Usal's Magic Scroll Emporium.
  5079 | D:7      | Bought a scroll of random uselessness for 13 gold pieces
  5079 | D:7      | Bought a scroll of identify for 26 gold pieces
  5079 | D:7      | Bought a scroll of teleportation for 39 gold pieces
  5079 | D:7      | Bought a scroll of identify for 26 gold pieces
  5079 | D:7      | Bought a scroll of identify for 26 gold pieces
  5182 | D:7      | Found a burning altar of Makhleb.
  5182 | D:7      | Found a white marble altar of Elyvilon.
  5679 | D:8      | Found a shattered altar of Ashenzari.
  5920 | D:8      | Reached XP level 10. HP: 93/93 MP: 4/4
  6238 | D:9      | Found a stormy altar of Qazlal.
  6380 | D:9      | Found a staircase to the Orcish Mines.
  6513 | D:9      | Found a staircase to the Lair.
  6591 | Lair:1   | Entered Level 1 of the Lair of Beasts
  6725 | Lair:1   | Noticed a black mamba
  6735 | Lair:1   | Killed a black mamba
  6960 | Lair:1   | Received a gift from Trog
  6961 | Lair:1   | Got a crude bardiche {god gift}
  6998 | Lair:1   | Reached skill level 10 in Armour
  7080 | Lair:1   | Noticed a five-headed hydra
  7322 | Lair:1   | Killed a five-headed hydra
  7322 | Lair:1   | Reached skill level 10 in Dodging
  7713 | Lair:2   | Reached XP level 11. HP: 99/99 MP: 4/4
  7867 | Lair:2   | Reached skill level 1 in Evocations
  7987 | Lair:2   | Reached skill level 11 in Fighting
  7999 | Lair:2   | Identified the -1 bardiche "Klutes" {freeze, rC+ Str+4} (Trog gifted it to you on level 1 of the Lair of Beasts)
  9212 | Lair:3   | Found a hole to the Spider Nest.
  9225 | Lair:3   | Reached skill level 5 in Evocations
  9527 | Lair:4   | Noticed Rupert
  9530 | Lair:4   | Paralysed by Rupert for 6 turns
  9548 | Lair:4   | Killed Rupert
  9548 | Lair:4   | Reached skill level 12 in Fighting
  9631 | Lair:4   | Noticed a death yak
  9650 | Lair:4   | Killed a death yak
  9970 | Lair:4   | Received a gift from Trog
  9983 | Lair:4   | Reached XP level 12. HP: 110/113 MP: 18/18
 10000 | Lair:4   | Got a steaming ring mail
 10001 | Lair:4   | Identified the cursed +0 ring mail of Bliynok {rPois Int-5 Dex+2 SInv} (You found it on level 4 of the Lair of Beasts)
 10104 | Lair:4   | Reached skill level 13 in Fighting
 11428 | Lair:5   | Found a labyrinth entrance.
 11435 | Lab      | Entered a labyrinth
 11924 | Lab      | Noticed a minotaur
 11937 | Lab      | Mangled by a minotaur

Action                   |  1- 3 |  4- 6 |  7- 9 | 10-12 || total
-------------------------+-------+-------+-------+-------++-------
Melee: Spear             |    46 |   196 |   491 |   705 ||  1438
Invok: Berserk           |     1 |     4 |     2 |     2 ||     9
       Trog's Hand       |       |     1 |     1 |     3 ||     5
       Brothers in Arms  |       |       |       |     2 ||     2
Evoke: Wand              |       |       |     1 |       ||     1
  Use: Scroll            |       |    11 |     6 |     9 ||    26
  Eat: Chunk             |       |    12 |    10 |    14 ||    36
       Beef jerky        |       |       |     1 |     1 ||     2
       Meat ration       |       |       |       |     1 ||     1
